 Dungeon Crawl Stone Soup version 0.17-a0-1110-g19bd574 (webtiles) character file.

1112 KlotserJr the Slasher (level 8, -2/106 HPs)
             Began as a Minotaur Berserker on May 22, 2015.
             Was an Elder of Trog.
             Slain by an orc wizard
             ... wielding a +0 dagger
              (3 damage)
             ... on level 4 of the Dungeon.
             The game lasted 00:32:13 (4240 turns).

KlotserJr the Slasher (Minotaur Berserker)          Turns: 4240, Time: 00:32:13

Health: -2/106     AC:  4    Str: 27    XL:     8   Next: 11%
Magic:  7/7        EV: 11    Int:  6    God:    Trog [****..]
Gold:   207        SH:  9    Dex: 10    Spells: 0 memorised, 7 levels left

rFire  . . .     SeeInvis .     a - +0 falchion
rCold  . . .     Clarity  .     g - +0 leather armour
rNeg   . . .     SustAt   .     r - +0 shield
rPois  .         Gourm    .     (helmet restricted)
rElec  .         Spirit   .     k - +0 cloak
rCorr  .         Warding  .     (no gloves)
rMut   .         Stasis   .     (no boots)
MR     .....                    (no amulet)
Stlth  ..........               (no ring)
                                i - ring of stealth

@: berserking, very quick, not resistant to hostile enchantments, extremely
unstealthy
A: retaliatory headbutt, horns 2
a: Burn Spellbooks, Berserk, Trog's Hand, Brothers in Arms, Renounce Religion


You were on level 4 of the Dungeon.
You worshipped Trog.
Trog was greatly pleased with you.
You were not hungry.

You visited 1 branch of the dungeon, and saw 4 of its levels.

You collected 207 gold pieces.

Inventory:

Hand weapons
 a - a +0 falchion (weapon)
 y - a +1 short sword of draining
Armour
 e - a +0 leather armour
 g - a +0 leather armour (worn)
 k - a +0 cloak (worn)
 m - a +0 leather armour
 r - a +0 shield (worn)
 u - a +0 scale mail
Jewellery
 i - a ring of stealth (left hand)
Magical devices
 o - a wand of slowing (34)
 t - a wand of digging (15)
 v - a wand of digging (9)
Scrolls
 q - 3 scrolls of blinking
 w - a scroll of magic mapping {unknown}
Potions
 d - a potion of poison {unknown}
 f - 2 potions of heal wounds {unknown}
 h - a potion of mutation {unknown}
 l - a potion of haste
 p - 4 potions of curing {unknown}
 s - a potion of magic {unknown}
Comestibles
 b - a meat ration
 c - 5 bread rations
 j - 6 chunks of flesh
 n - 2 fruits


   Skills:
 + Level 6.4 Fighting
 * Level 6.7 Long Blades
 + Level 5.2 Armour
 - Level 5.2 Dodging
 - Level 2.5 Stealth
 * Level 2.2 Shields


You had 7 spell levels left.
You didn't know any spells.

Dungeon Overview and Level Annotations

Branches:
Dungeon (4/15)
 Temple: D:4-7

Altars:
Cheibriados
Okawaru


Innate Abilities, Weirdness & Mutations

You reflexively headbutt those who attack you in melee.
You have a pair of horns on your head.


Message History

You hit the orc warrior. You headbutt the orc warrior!
The orc warrior is severely wounded.
You closely miss the orc warrior. Your headbutt misses the orc warrior.
The orc warrior is severely wounded.
You block the orc wizard's attack.
The orc warrior hits you with a war axe.
* * * LOW HITPOINT WARNING * * *
Unknown command.
You hit the orc warrior. Your headbutt misses the orc warrior.
The orc warrior is almost dead.
You block the orc wizard's attack.
You barely miss the orc warrior. Your headbutt misses the orc warrior.
The orc warrior is almost dead.
The orc wizard barely misses you. You furiously retaliate!
You headbutt the orc wizard. The orc warrior misses you.
You hit the orc warrior. You headbutt the orc warrior.
You kill the orc warrior!
Trog accepts your kill. The orc wizard hits you with a dagger.
You die...

..# #..# #o# ..### #..# ...
....# #..# 8.8. #.#.##.#
#..# .... ......... ###
#..##..# .##.###.# #..
..#..# .##.###.#####.# #...#
#.
....#......##.####o###....
........##.##.##@)o.......
.####.#.......##o##.##.#..
.# #.#.##.##....##.##. ##
#.#.##.##..........
#>.....#########.####.##
####.#### #.......#
#.......## #)##.#..#
#........########.##.#..#
####..#.##.#.##.....)......#


You could see an orc wizard and 2 orcs.

Vanquished Creatures
  Sigmund (D:3)
  Eustachio (D:4)
  An orc warrior (D:4)
  An ogre (D:4)
  An ice beast (D:3)
  Blork the orc (D:4)
  A hound (D:4)
  A centaur skeleton (D:4)
  A gnoll shaman (D:4)
  2 orc priests (D:4)
  An iguana (D:4)
  9 gnolls
  11 adders
  2 oozes
  4 worms
  2 giant geckos
  10 orcs
  3 ball pythons
  15 bats
  6 giant cockroaches
  9 goblins
  12 hobgoblins
  4 jackals
  3 quokkas
  7 giant newts
  14 kobolds
  10 rats
133 creatures vanquished.

Vanquished Creatures (others)
  A hobgoblin (D:2)
1 creature vanquished.

Grand Total: 134 creatures vanquished

Notes
Turn   | Place    | Note
--------------------------------------------------------------
     0 | D:1      | KlotserJr the Minotaur Berserker began the quest for the Orb.
     0 | D:1      | Reached XP level 1. HP: 19/19 MP: 0/0
   142 | D:1      | Reached skill level 4 in Long Blades
   142 | D:1      | Reached XP level 2. HP: 24/27 MP: 1/1
   392 | D:1      | Reached XP level 3. HP: 30/33 MP: 2/2
   958 | D:2      | Found an iron altar of Okawaru.
   986 | D:2      | Acquired Trog's second power
  1130 | D:2      | Reached XP level 4. HP: 33/41 MP: 3/3
  1730 | D:2      | Reached skill level 1 in Stealth
  1915 | D:3      | Noticed Sigmund
  1923 | D:3      | Killed Sigmund
  1923 | D:3      | Reached skill level 5 in Long Blades
  1923 | D:3      | Reached XP level 5. HP: 28/47 MP: 4/4
  1923 | D:3      | Reached XP level 6. HP: 32/55 MP: 5/5
  2291 | D:3      | Noticed an ice beast
  2306 | D:3      | Killed an ice beast
  2306 | D:3      | Reached skill level 5 in Fighting
  2602 | D:3      | Found a snail-covered altar of Cheibriados.
  2897 | D:4      | Noticed Eustachio
  3164 | D:4      | Reached XP level 7. HP: 61/61 MP: 6/6
  3169 | D:4      | Acquired Trog's third power
  3724 | D:4      | Killed Eustachio
  3724 | D:4      | Reached skill level 5 in Dodging
  3961 | D:4      | Reached skill level 6 in Long Blades
  3966 | D:4      | Reached skill level 1 in Shields
  4064 | D:4      | Received a gift from Trog
  4156 | D:4      | Noticed Blork the orc
  4177 | D:4      | Killed Blork the orc
  4177 | D:4      | Reached skill level 5 in Armour
  4234 | D:4      | Reached XP level 8. HP: 27/70 MP: 7/7
  4237 | D:4      | HP: 1/105 [orc warrior/war axe (6)]
  4240 | D:4      | Slain by an orc wizard

Vault maps used:
D:1:      lemuel_arrival_rhombus
D:2:      okawaru_ov_weapons_minmay
D:3:      cheibriados_altar_1, hangedman_feature_mirror, st_stairs_4,
          uniq_sigmund
D:4:      guppyfry_early_orc_mine, uniq_blork_the_orc, uniq_eustachio

Action                   |  1- 3 |  4- 6 |  7- 9 || total
-------------------------+-------+-------+-------++-------
Melee: Falchion          |    77 |   148 |   105 ||   330
Invok: Berserk           |       |     5 |     4 ||     9
       Burn Spellbooks   |       |     1 |       ||     1
  Use: Scroll            |     2 |     8 |     1 ||    11
 Stab: Sleeping          |     2 |     2 |     1 ||     5
  Eat: Chunk             |       |    11 |     3 ||    14
       Meat ration       |       |       |     1 ||     1
